 Dungeon Crawl Stone Soup version 0.29.1-1-gd02db6906a (webtiles) character file.

Game seed: 7551250483570813329

5 corgi the Shooter (level 1, -1/13 HPs)
             Began as a Kobold Hunter on Oct 14, 2022.
             Slain by a quokka (2 damage)
             ... on level 1 of the Dungeon.
             The game lasted 00:00:24 (115 turns).

corgi the Shooter (Kobold Hunter)                    Turns: 115, Time: 00:00:25

Health: -1/13      AC:  3    Str:  8    XL:     1   Next: 88%
Magic:  1/1        EV: 14    Int: 10    God:
Gold:   0          SH:  0    Dex: 18    Spells: 0/0 levels left

rFire   . . .      SeeInvis .   a - +0 shortbow
rCold   . . .      Faith    .   (shield currently unavailable)
rNeg    . . .      Spirit   .   c - +0 leather armour
rPois   .          Reflect  .   (no helmet)
rElec   .          Harm     .   (no cloak)
rCorr   .          Rampage  .   (no gloves)
Will    .....                   (no boots)
Stlth   +++.......              (no amulet)
HPRegen 0.04/turn               (no ring)
MPRegen 0.07/turn               (no ring)

@: no status effects
A: small, no large weapons, nightstalker 3
a: no special abilities


You were on level 1 of the Dungeon.
You visited 1 branch of the dungeon, and saw 1 of its levels.

Inventory:

Hand Weapons
 a - a +0 shortbow (weapon)
Armour
 c - a +0 leather armour (worn)
Scrolls
 b - a scroll of immolation
 d - a scroll of blinking {unknown}


   Skills:
 + Level 2.3 Fighting
 * Level 5.5 Ranged Weapons
 + Level 2.6 Dodging
 - Level 1.3 Stealth


You couldn't memorise any spells.
You didn't know any spells.
Your spell library was empty.

Dungeon Overview and Level Annotations

Branches:
Dungeon (1/15)

Altars:


Innate Abilities, Weirdness & Mutations

You are small and have problems with some larger weapons.
You are completely attuned to the shadows.


Message History

Press: ? - help, Q - select action Shift-Dir - straight line, f/p - frilled lizard
Aim: a frilled lizard (48% to hit)
You shoot an arrow. The arrow hits the frilled lizard!
You kill the frilled lizard!
You start resting.
A goblin comes into view. It is wielding a +0 dagger.
Fire: a) +0 shortbow
Press: ? - help, Q - select action Shift-Dir - straight line, f - goblin
Aim: a goblin, wielding a +0 dagger (58% to hit)
You shoot an arrow. The arrow closely misses the goblin.
Fire: a) +0 shortbow
Press: ? - help, Q - select action Shift-Dir - straight line, f/p - goblin
Aim: a goblin, wielding a +0 dagger (58% to hit)
You shoot an arrow. The arrow closely misses the goblin.
A quokka comes into view.
The goblin hits you with a +0 dagger.
* * * LOW HITPOINT WARNING * * *
The goblin misses you.
Fire: a) +0 shortbow
Press: ? - help, Q - select action Shift-Dir - straight line, f/p - goblin
Aim: a goblin, wielding a +0 dagger (58% to hit)
You shoot an arrow. The arrow barely misses the goblin.
The goblin hits you with a +0 dagger.
* * * LOW HITPOINT WARNING * * *
Fire: a) +0 shortbow
Press: ? - help, Q - select action Shift-Dir - straight line, f/p - goblin
Aim: a goblin, wielding a +0 dagger (58% to hit)
You shoot an arrow. The arrow closely misses the goblin.
The goblin closely misses you.
Fire: a) +0 shortbow
Press: ? - help, Q - select action Shift-Dir - straight line, f/p - goblin
Aim: a goblin, wielding a +0 dagger (58% to hit)
You shoot an arrow. The arrow hits the goblin!
You kill the goblin!
Fire: a) +0 shortbow
Press: ? - help, Q - select action Shift-Dir - straight line, f - quokka
Aim: a quokka (54% to hit)
You shoot an arrow. The arrow closely misses the quokka.
The quokka misses you. The quokka bites you.
You die...

########## .........#
###....######## ######
#.##'##≈≈≈≈≈## ........
####8........###....... #
+.........<..##.......
##.###8........###.......
...###+##≈≈≈≈≈###r.......
.....#.########.@##..####
.................##..#
.....#######.#...##..#
.....## .....#...#...#
.........#####...#.#.#
.###.#### #...# .....#
##### .##### .#


You could see a quokka.

Vanquished Creatures
  A goblin (D:1)
  A hobgoblin (D:1)
  A kobold (D:1)
  A ball python (D:1)
  A frilled lizard (D:1)
5 creatures vanquished.

Notes
Turn   | Place    | Note
-------+----------+-------------------------------------------
     0 | D:1      | corgi the Kobold Hunter began the quest for the Orb.
     0 | D:1      | Reached XP level 1. HP: 12/12 MP: 1/1
   115 | D:1      | Slain by a quokka

Illustrated notes

Levels and vault maps discovered:
D:1:      wander_arrival_chamber, layout_rooms, serial_bayou_pond_b,
          minmay_indecisive_spiral

Action                   || total
-------------------------++-------
 Fire: Shortbow          ||    17
Dodge: Dodged            ||     6
